 Dungeon Crawl Stone Soup version 0.15-a0-674-g7948ca6 (webtiles) character file.

64342 PolkaDot the Unseen (level 14, -43/111 HPs)
             Began as a Vampire Gladiator on May 9, 2014.
             Was a High Priest of Okawaru.
             Annihilated by a titanic slime creature (101 damage)
             ... on Level 12 of the Dungeon.
             The game lasted 01:56:04 (24427 turns).

PolkaDot the Unseen (Vampire Gladiator)            Turns: 24427, Time: 01:56:04

HP -43/111       AC 19     Str 14      XL: 14   Next: 71%
MP   9/14        EV 22     Int 12      God: Okawaru [*****.]
Gold 1440        SH 13     Dex 16      Spells:  0 memorised, 13 levels left

rFire  . . .     SeeInvis +     a - +1,+5 short sword of the Lamprey {venom, rPois}
rCold  . . .     Clarity  +     I - +4 troll leather armour
rNeg   . . .     Conserve .     H - -1 buckler {AC+3} {god gift}
rPois  +         rCorr    .     c - +0 helmet
rElec  .         rRot     .     K - +0 cloak
SustAb . .       Spirit   .     N - +1 pair of gloves
rMut   .         Warding  .     (no boots)
Saprov . . .     Stasis   .     (no amulet)
MR     +....                    T - ring of stealth
                                k - ring of stealth

@: regenerating quickly, heroism, finesse, somewhat resistant to hostile
enchantments, uncannily stealthy
A: bottle blood, fangs 3, see invisible, clarity, unbreathing
a: Bottle Blood, Heroism, Finesse, Renounce Religion


You were on level 12 of the Dungeon.
You worshipped Okawaru.
Okawaru was extremely pleased with you.
You were very full.

You visited 2 branches of the dungeon, and saw 20 of its levels.

You collected 1440 gold pieces.

Inventory:

Hand weapons
 a - the +1,+5 short sword of the Lamprey (weapon) {venom, rPois}
   (You found it on level 4 of the Dungeon)

   It poisons the flesh of those it strikes.
   It protects you from poison.
 b - the +7,+4 dagger "Kourueth" {flame, Int-2}
   (You found it on level 7 of the Lair of Beasts)

   It emits flame when wielded, causing extra injury to most foes and up to
   double damage against particularly susceptible opponents.
   It affects your intelligence (-2).
 m - a +7,+6 quick blade {god gift}
Missiles
 d - 5 throwing nets (quivered)
 h - 8 darts of flame
 t - a dart of dispersal
Armour
 c - a +0 helmet (worn)
 H - a -1 buckler of protection (worn) {god gift}
 I - a +4 troll leather armour (worn)
 K - a +0 cloak (worn)
 N - a +1 pair of gloves (worn)
Magical devices
 e - a wand of cold (2)
 g - a wand of draining (3)
 s - a wand of random effects (6)
 C - a wand of cold (3)
 D - a wand of lightning (0)
 S - a wand of fireball (0)
 U - a wand of teleportation (2)
Scrolls
 f - 5 scrolls of recharging
 i - 3 scrolls of blinking
 j - 7 scrolls of remove curse
 l - a scroll of vulnerability
 q - 8 scrolls of teleportation
 r - 3 scrolls of magic mapping
 F - 2 scrolls of immolation
 G - a scroll of enchant weapon II
 J - a scroll of enchant armour
 L - 2 scrolls of fog
 M - 2 scrolls of enchant weapon I
 O - 2 scrolls of amnesia
Jewellery
 k - a ring of stealth (left hand)
 n - a +3 ring of evasion
 o - an uncursed ring of ice
 v - an uncursed ring of sustain abilities
 w - an uncursed ring of magical power
 B - an uncursed ring of flight
 T - a ring of stealth (right hand)
Potions
 p - 2 potions of flight
 u - a potion of magic
 z - 2 potions of brilliance
 Q - a potion of curing
Books
 x - a book of the Warp

   Spells                             Type                      Level
   Control Teleport                   Charms/Translocation         4
   Phase Shift                        Translocation                5
   Warp Weapon                        Charms/Translocation         5
   Dispersal                          Translocation                6
   Controlled Blink                   Translocation                7
   Disjunction                        Translocation                8
 A - a Necronomicon {highlevel}

   This book is beyond your current level of understanding.

   Spells                             Type                      Level
   Haunt                              Necromancy/Summoning         7
   Borgnjor's Revivification          Necromancy                   8
   Death's Door                       Charms/Necromancy            8
   Necromutation                      Transmutation/Necromancy     8
 E - the Compendium of Untold Secrets
   (You found it on level 8 of the Lair of Beasts)

   Spells                             Type                      Level
   Petrify                            Transmutation/Earth          4
   Summon Mana Viper                  Hexes/Summoning              5
   Summon Demon                       Summoning                    5
   Statue Form                        Transmutation/Earth          6
Miscellaneous
 y - a legendary deck of war {the Elixir}


   Skills:
 - Level 10.7(15.7) Fighting
 - Level 14.2(19.2) Short Blades
 - Level 1.5(6.5) Throwing
 * Level 8.7(13.7) Armour
 - Level 10.0(15.0) Dodging
 + Level 19.3(24.3) Stealth
 - Level 5.5(10.5) Shields


You had 13 spell levels left.
You didn't know any spells.

Dungeon Overview and Level Annotations

Branches:
Dungeon (12/15)            Temple (0/1) D:7            Lair (8/8) D:10
 Shoals (0/5) Lair:3       Spider (0/5) Lair:3        Slime (0/6) Lair:8
    Orc: D:9-12

Altars:
Ashenzari
Cheibriados
Elyvilon
Kikubaaqudgha
Okawaru
Qazlal
Sif Muna
Trog
Vehumet
Xom

Annotations:
D:3 Terence
D:8 TAS2012's ghost, experienced DsCK
Lair:7 exclusion: oklob plant


Innate Abilities, Weirdness & Mutations

Your natural rate of healing is unusually fast.
You can bottle blood from corpses.
You have razor-sharp teeth.*
You have supernaturally acute eyesight.
You can survive without breathing.*
You possess an exceptional clarity of mind.+


Message History

You puncture the titanic slime creature!
The titanic slime creature is almost dead.
You hit the titanic slime creature.
The titanic slime creature is almost dead.
You puncture the titanic slime creature!
The titanic slime creature is almost dead.
You hit the titanic slime creature.
The titanic slime creature is almost dead.
You block the titanic slime creature's attack.
You barely miss the titanic slime creature.
The titanic slime creature is almost dead.
You hit the titanic slime creature. You bite the titanic slime creature.
The titanic slime creature is almost dead.
You hit the titanic slime creature but do no damage.
The titanic slime creature is almost dead.
You hit the titanic slime creature.
The titanic slime creature is almost dead.
The titanic slime creature hits you!
Ouch! That really hurt!
You die...

#############
#..........#..
#########..........#..
+....wJ.'w.........#..
#####J###J.........#..
#@# #..........#..
#####.# #..........#.<
#.....# #..........#%w
#.##### #.....J....w..
#.# #..........#.. #.#
#..........#.. #.#
#..........#.. #)#
#..........#..
##)#######..........#..


You could see a titanic slime creature, a slime creature and a worm.

Vanquished Creatures
  A thorn hunter (Lair:3)
  Gastronok (Lair:1)
  8 hydras
  Harold (D:10)
  12 death yaks (Lair:8)
  3 catoblepae (Lair:8)
  Nergalle (Lair:3)
  2 skeletal warriors (D:10)
  2 hill giants
  An unseen horror (D:12)
  A griffon (Lair:6)
  The ghost of flinch the Spear-Bearer, an experienced DsBe of Trog (D:6)
  An orc knight (D:11)
  9 elephants
  2 mermaids (Lair:3)
  A queen ant (D:8)
  Psyche (D:10)
  2 black mambas
  2 gargoyles (D:9)
  7 komodo dragons
  11 spiny frogs
  2 trolls
  A merfolk (Lair:3)
  A jumping spider (Lair:3)
  A polar bear (Lair:4)
  4 fire drakes
  A hydra skeleton (D:10)
  11 blink frogs
  The ghost of psch the Poker, an average DsGl of Fedhas (D:5)
  6 slime creatures (D:12)
  2 basilisks (Lair:5)
  A shadow (D:10)
  2 flying skulls (D:10)
  A vampire (D:12)
  3 redbacks (Lair:3)
  2 wyverns
  A spriggan (D:8)
  38 yaks
  7 hippogriffs
  A shark (Lair:3)
  22 soldier ants
  3 vampire mosquitoes (D:12)
  10 wolves
  7 porcupines
  5 water moccasins
  11 orc warriors
  20 wargs
  A spider (Lair:3)
  A manticore zombie (D:12)
  3 necrophages
  8 ogres
  7 centaurs
  11 crocodiles
  3 ice beasts
  2 phantoms
  A big kobold (D:9)
  A boring beetle (Lair:3)
  13 giant frogs
  9 giant slugs
  A gnoll sergeant (D:8)
  A cyclops zombie (D:10)
  5 killer bees (D:12)
  3 scorpions
  A yak zombie (D:10)
  A tengu skeleton (D:10)
  13 wights
  3 pulsating lumps (Lair:8)
  An electric eel (Lair:2)
  2 goliath beetles
  A giant frog zombie (D:10)
  A yellow wasp zombie (D:10)
  A quasit (D:8)
  A centaur zombie (D:5)
  A gnoll shaman (D:5)
  7 orc priests
  5 crimson imps
  A soldier ant zombie (D:10)
  10 hounds
  3 iguanas
  3 jellies
  A giant frog skeleton (D:7)
  A centaur skeleton (D:7)
  A two-headed ogre skeleton (D:10)
  Natasha (thrice) (D:4)
  17 orc wizards
  29 worker ants
  A crocodile zombie (D:6)
  A mottled dragon zombie (D:10)
  11 sheep
  A big kobold skeleton (D:10)
  An ogre skeleton (D:5)
  2 mummies
  3 orc zombies (D:10)
  19 gnolls
  27 adders
  30 green rats
  A shadow imp (D:11)
  A goliath beetle zombie (D:10)
  2 inept feature mimics
  3 giant mites
  5 worms
  An adder zombie (D:5)
  8 giant geckos
  3 oozes
  58 orcs
  2 bat skeletons
  12 goblins
  18 hobgoblins
  33 jackals
  7 quokkas
  A ball python (D:2)
  32 bats
  4 giant cockroaches
  3 giant gecko skeletons
  2 giant newts
  2 giant spores
  A hobgoblin skeleton (D:4)
  24 kobolds
  2 kobold skeletons
  5 orc skeletons
  20 rats
  A ballistomycete (D:10)
758 creatures vanquished.

Vanquished Creatures (others)
  3 fungi
  3 plants
6 creatures vanquished.

Grand Total: 764 creatures vanquished

Notes
Turn   | Place    | Note
--------------------------------------------------------------
     0 | D:1      | PolkaDot, the Vampire Gladiator, began the quest for the Orb.
     0 | D:1      | Reached XP level 1. HP: 16/16 MP: 1/1
   113 | D:1      | Reached XP level 2. HP: 22/22 MP: 2/2
   206 | D:1      | Found a shimmering altar of Xom.
   208 | D:1      | Found a shimmering altar of Xom.
   208 | D:1      | Found a shimmering altar of Xom.
   208 | D:1      | Found a shimmering altar of Xom.
   209 | D:1      | Found a shimmering altar of Xom.
   209 | D:1      | Found a shimmering altar of Xom.
   638 | D:1      | Reached skill level 4 in Short Blades
   829 | D:1      | Paralysed by a potion of paralysis for 6 turns
   910 | D:2      | Found a white marble altar of Elyvilon.
   984 | D:2      | Reached XP level 3. HP: 22/27 MP: 3/3
  1001 | D:2      | Found an iron altar of Okawaru.
  1014 | D:2      | Became a worshipper of Warmaster Okawaru
  1363 | D:2      | Reached XP level 4. HP: 19/34 MP: 4/4
  1522 | D:2      | Reached skill level 5 in Short Blades
  1953 | D:2      | Reached XP level 5. HP: 3/41 MP: 5/5
  2359 | D:3      | Reached skill level 6 in Short Blades
  3030 | D:3      | Reached XP level 6. HP: 29/47 MP: 6/6
  3116 | D:3      | Noticed Terence
  3571 | D:3      | Acquired Okawaru's first power
  3606 | D:3      | Reached skill level 7 in Short Blades
  3668 | D:4      | Noticed Natasha
  3682 | D:4      | Killed Natasha
  3824 | D:4      | Reached XP level 7. HP: 23/54 MP: 7/7
  3978 | D:4      | Noticed Natasha
  3987 | D:4      | Killed Natasha
  4300 | D:4      | Got an iridescent short sword
  4301 | D:4      | Identified the cursed +1,+5 short sword of the Lamprey {venom, rPois} (You found it on level 4 of the Dungeon)
  4320 | D:4      | Reached skill level 8 in Short Blades
  4512 | D:4      | Noticed Natasha
  4515 | D:4      | Killed Natasha
  4736 | D:5      | Entered Level 5 of the Dungeon
  4745 | D:5      | Noticed psch's ghost (average DsGl)
  4772 | D:5      | Killed psch's ghost
  4772 | D:5      | Reached skill level 9 in Short Blades
  4772 | D:5      | Reached XP level 8. HP: 25/61 MP: 6/8
  5325 | D:5      | Reached skill level 10 in Short Blades
  5439 | D:5      | Reached skill level 5 in Dodging
  5682 | D:5      | Found a bloodstained altar of Trog.
  6053 | D:6      | Reached skill level 11 in Short Blades
  6062 | D:6      | Reached XP level 9. HP: 44/66 MP: 9/9
  6173 | D:6      | Found a deep blue altar of Sif Muna.
  6181 | D:6      | Noticed flinch's ghost (experienced DsBe)
  6211 | D:6      | Killed flinch's ghost
  6753 | D:7      | Reached skill level 12 in Short Blades
  6769 | D:7      | Found a snail-covered altar of Cheibriados.
  6924 | D:7      | Found a staircase to the Ecumenical Temple.
  7153 | D:7      | Found a stormy altar of Qazlal.
  7554 | D:8      | Found a staircase to the Lair.
  7587 | D:8      | Reached XP level 10. HP: 45/73 MP: 10/10
  7626 | D:8      | Reached skill level 13 in Short Blades
  7673 | D:8      | the staircase to the Lair was a mimic.
  7697 | D:8      | Noticed TAS2012's ghost (experienced DsCK)
  8333 | D:8      | Noticed a queen ant
  8404 | D:8      | Killed a queen ant
  8404 | D:8      | Acquired Okawaru's second power
  8404 | D:8      | Reached skill level 14 in Short Blades
  8498 | D:8      | Reached skill level 5 in Fighting
  8509 | D:8      | HP: 3/74 [poisoned by a soldier ant]
  8516 | D:8      | HP: 3/74 [poisoned by a soldier ant]
  8524 | D:8      | HP: 3/74 [poisoned by a soldier ant]
  8984 | D:8      | Received a gift from Okawaru
  9128 | D:8      | Reached skill level 10 in Dodging
  9237 | D:8      | Found a radiant altar of Vehumet.
  9454 | D:9      | Reached skill level 1 in Shields
  9454 | D:9      | Reached XP level 11. HP: 62/80 MP: 11/11
 10179 | D:9      | Reached skill level 1 in Stealth
 10619 | D:10     | Entered Level 10 of the Dungeon
 10651 | D:10     | Found an ancient bone altar of Kikubaaqudgha.
 10833 | D:10     | Found a staircase to the Lair.
 10946 | D:10     | Noticed a hill giant
 10970 | D:10     | Killed a hill giant
 11133 | D:10     | Noticed a skeletal warrior
 11212 | D:10     | Killed a skeletal warrior
 11212 | D:10     | Reached skill level 5 in Stealth
 11325 | D:10     | Reached skill level 5 in Shields
 11380 | D:10     | Noticed a skeletal warrior
 11598 | Lair:1   | Entered Level 1 of the Lair of Beasts
 11874 | Lair:1   | Noticed a five-headed hydra
 12184 | Lair:1   | Noticed Gastronok
 12225 | Lair:1   | Killed Gastronok
 12225 | Lair:1   | Reached skill level 1 in Armour
 12396 | Lair:1   | Gained mutation: You possess an exceptional clarity of mind. [potion of beneficial mutation]
 12574 | Lair:1   | Reached XP level 12. HP: 79/91 MP: 12/12
 13410 | Lair:2   | Reached skill level 10 in Stealth
 14274 | Lair:3   | Noticed a four-headed hydra
 14278 | Lair:3   | Noticed Nergalle
 14341 | Lair:3   | Found an iron altar of Okawaru.
 14342 | Lair:3   | Noticed a thorn hunter
 14342 | Lair:3   | an oklob plant changed into a thorn hunter
 14538 | D:10     | Killed a skeletal warrior
 15302 | Lair:4   | Noticed a five-headed hydra
 15327 | Lair:4   | Killed a six-headed hydra
 15749 | Lair:5   | Noticed a six-headed hydra
 15755 | Lair:5   | Killed a seven-headed hydra
 16543 | Lair:5   | Noticed a four-headed hydra
 16551 | Lair:5   | Killed a five-headed hydra
 16955 | Lair:6   | Received a gift from Okawaru
 16955 | Lair:6   | Reached XP level 13. HP: 48/100 MP: 13/13
 16956 | Lair:6   | Got a bloodstained robe {god gift}
 16989 | Lair:6   | Reached skill level 5 in Armour
 17031 | Lair:6   | Identified the +2 robe "Eshemn" {god gift, rC+ MR+} (Okawaru gifted it to you on level 6 of the Lair of Beasts)
 17172 | Lair:6   | Got a polished chain mail
 17174 | Lair:6   | Identified the cursed +3 chain mail of Fashionability {Str+3 Int-3} (You found it on level 6 of the Lair of Beasts)
 17752 | Lair:7   | Got a transparent dagger
 17754 | Lair:7   | Identified the +7,+4 dagger "Kourueth" {flame, Int-2} (You found it on level 7 of the Lair of Beasts)
 17971 | Lair:7   | Reached skill level 15 in Stealth
 18753 | Lair:8   | Entered Level 8 of the Lair of Beasts
 19096 | Lair:8   | Reached skill level 16 in Stealth
 19198 | Lair:8   | Found a staircase to the Slime Pits.
 19232 | Lair:8   | Gained mutation: You are weak. (Str -2) [pulsating lump's mutagenic touch]
 19269 | Lair:8   | Gained mutation: Your skin changes colour to match your surroundings (Stealth). [pulsating lump's mutagenic touch]
 19381 | Lair:8   | Lost mutation: You are weak. (Str -2) [potion of cure mutation]
 19381 | Lair:8   | Lost mutation: Your skin changes colour to match your surroundings (Stealth). [potion of cure mutation]
 19779 | Lair:8   | Reached skill level 10 in Fighting
 19934 | Lair:8   | Received a gift from Okawaru
 19942 | Lair:8   | Reached skill level 17 in Stealth
 20255 | Lair:8   | Reached XP level 14. HP: 110/110 MP: 14/14
 20281 | Lair:8   | Identified the Compendium of Untold Secrets
 20284 | Lair:8   | Identified a +4 rod of striking (9/9) (You found it on level 8 of the Lair of Beasts)
 20712 | Lair:3   | Found a hole to the Spider Nest.
 20760 | Lair:3   | Killed a thorn hunter
 20760 | Lair:3   | Reached skill level 18 in Stealth
 20763 | Lair:3   | Noticed a six-headed hydra
 20773 | Lair:3   | Killed a five-headed hydra
 20781 | Lair:3   | Killed a seven-headed hydra
 20781 | Lair:3   | Received a gift from Okawaru
 20869 | Lair:3   | Found a staircase to the Shoals.
 21147 | Lair:3   | Killed Nergalle
 21606 | D:10     | Noticed Harold
 21642 | D:10     | Killed Harold
 21721 | D:10     | Noticed Psyche
 21725 | D:10     | Killed Psyche
 21878 | D:11     | Found a shattered altar of Ashenzari.
 23172 | D:11     | Reached skill level 19 in Stealth
 24427 | D:12     | Annihilated by a titanic slime creature

Action                   |  1- 3 |  4- 6 |  7- 9 | 10-12 | 13-15 || total
-------------------------+-------+-------+-------+-------+-------++-------
Melee: Cutlass           |    78 |   310 |    73 |       |       ||   461
       Short sword       |       |       |   543 |  1463 |  1588 ||  3594
       Dagger            |       |       |       |       |    78 ||    78
       Quick blade       |       |       |       |       |     7 ||     7
Throw: Dart              |    13 |    10 |    10 |     2 |       ||    35
       Throwing net      |     4 |     7 |       |     5 |       ||    16
       Stone             |       |       |    10 |       |       ||    10
Invok: Heroism           |       |       |     6 |    13 |     7 ||    26
       Finesse           |       |       |       |     2 |     3 ||     5
 Abil: End Transformatio |       |       |       |     4 |       ||     4
       Bat Form          |       |       |       |     4 |       ||     4
Evoke: Wand              |       |       |     6 |    10 |     1 ||    17
  Use: Potion            |     6 |     3 |     6 |    10 |    22 ||    47
       Scroll            |     5 |     1 |     4 |    17 |    10 ||    37
 Stab: Sleeping          |     2 |     2 |     7 |    53 |    66 ||   130
       Held in net/web   |     2 |       |       |     2 |       ||     4
       Distracted        |       |       |     1 |     3 |     6 ||    10
       Invisible         |       |       |       |     1 |       ||     1
       Petrified         |       |       |       |       |     3 ||     3
